 Dungeon Crawl Stone Soup version 0.31.0-9-g3a7656b989 (webtiles) character file.

Game seed: 11617013125717386705

171095 Strat the Impaler (level 18, -2/157 HPs)
             Began as a Formicid Delver on Jan 24, 2024.
             Was the Champion of Okawaru.
             Drowned by a water nymph (7 damage)
             ... on level 1 of the Shoals.
             The game lasted 01:36:44 (42028 turns).

Strat the Impaler (Formicid Delver)                Turns: 42028, Time: 01:36:44

Health: -2/157     AC: 27    Str: 29    XL:     18   Next: 34%
Magic:  19/24      EV:  9    Int:  9    God:    Okawaru [******]
Gold:   2719       SH: 16    Dex: 15    Spells: 15/17 levels left

rFire   + . .        b - +10 halberd of Diawn {drain, rPois}
rCold   . . .        p - +0 tower shield {rPois}
rNeg    . . .        J - +0 chain mail {rF+}
rPois   +            (helmet unavailable)
rElec   .            H - +2 cloak {Stlth+}
rCorr   .            Q - +2 pair of gloves {Str+3}
SInv    +            F - +2 pair of boots
Will    +++..        W - amulet of faith
Stlth   ++           r - +4 ring of protection
HPRegen 0.46/turn    G - ring of willpower
MPRegen 0.19/turn

%: faith
@: enlightened, flying, invisible
A: permanent stasis, dig shafts and tunnels, antennae 3, four strong arms,
MP-powered wands
}: 1/15 runes: serpentine
a: Dig, Shaft Self, Renounce Religion, Heroism, Finesse, Duel


You were on level 1 of the Shoals.
You worshipped Okawaru.
Okawaru was exalted by your worship.
You visited 6 branches of the dungeon, and saw 28 of its levels.

You collected 2939 gold pieces.
You spent 220 gold pieces at shops.

Inventory:

Hand Weapons
 a - a +3 vampiric trident
 b - the +10 halberd of Diawn (weapon) {drain, rPois}
   (You found it on level 1 of the Snake Pit)

   rPois:     It protects you from poison
 j - a +5 heavy bardiche
Missiles
 c - 15 atropa-tipped darts
 h - 40 poisoned darts
 m - 12 silver javelins
 w - 17 javelins
 C - 4 throwing nets
 I - 14 curare-tipped darts
 N - 22 boomerangs (quivered)
 Y - 2 datura-tipped darts
Armour
 p - a +0 tower shield of poison resistance (worn)
 F - a +2 pair of boots (worn)
 H - a +2 cloak of stealth (worn)
 J - a +0 chain mail of fire resistance (worn)
 Q - a +2 pair of gloves of strength (worn)
 Z - a +2 scale mail of poison resistance
Jewellery
 r - a +4 ring of protection (left hand)
 x - a +5 ring of evasion
 z - a ring of positive energy
 B - a ring of protection from cold
 G - a ring of willpower (right hand)
 K - a ring of flight
 W - an amulet of faith (around neck)
Wands
 f - a wand of digging (3)
 o - a wand of mindburst (2)
 E - a wand of flame (12)
 R - a wand of iceblast (2)
Scrolls
 d - 4 scrolls of revelation
 k - a scroll of silence
 l - 3 scrolls of poison
 D - 4 scrolls of enchant weapon
 L - 3 scrolls of immolation
 O - 2 scrolls of fog
 P - 3 scrolls of fear
 U - 5 scrolls of identify
 V - a scroll of amnesia
Potions
 e - a potion of enlightenment
 g - 3 potions of cancellation
 i - 2 potions of attraction
 n - 4 potions of mutation
 s - 2 potions of brilliance
 v - 11 potions of lignification
 A - 3 potions of curing
 S - 3 potions of magic
 X - a potion of might


   Skills:
 + Level 18.1 Fighting
 + Level 19.7 Polearms
 - Level 9.5 Throwing
 - Level 12.5 Armour
 - Level 2.3 Dodging
 - Level 6.4 Stealth
 + Level 10.0 Shields
 - Level 8.0 Invocations
 - Level 5.2 Evocations


You had 15 spell levels left.
You knew the following spells:

 Your Spells              Type           Power      Damage    Failure   Level
a - Jinxbite              Hex            0%         N/A       99%         2

Your spell library contained the following spells:

 Spells                   Type           Power      Damage    Failure   Level
 Foxfire                  Conj/Fire      0%         2x1d4     98%         1
 Magic Dart               Conj           0%         1d3       98%         1
 Sting                    Conj/Alch      0%         1d3       98%         1
 Ensorcelled Hibernation  Hex/Ice        0%         N/A       99%         2
 Lesser Beckoning         Tloc           0%         N/A       99%         2
 Mercury Vapours          Alch/Air       0%         N/A       99%         2
 Searing Ray              Conj           0%         2d4       99%         2
 Dazzling Flash           Conj/Hex       0%         N/A       100%        3
 Gell's Gravitas          Tloc           0%         N/A       100%        3
 Mephitic Cloud           Conj/Alch/Air  0%         N/A       100%        3
 Passwall                 Erth           0%         N/A       100%        3
 Teleport Other           Tloc           0%         N/A       100%        3
 Fulminant Prism          Conj/Alch      0%         3d5       100%        4
 Leda's Liquefaction      Alch/Erth      0%         N/A       100%        4
 Olgreb's Toxic Radiance  Alch           0%         N/A       100%        4
 Curse of Agony           Necr           0%         N/A       100%        5
 Freezing Cloud           Conj/Ice/Air   0%         6-21      100%        5
 Lee's Rapid Deconstruct  Erth           0%         3d4*      100%        5
 Silence                  Hex/Air        0%         N/A       100%        5
 Yara's Violent Unravell  Hex/Alch       0%         3d3       100%        5
 Bombard                  Conj/Erth      0%         9d1       100%        6
 Plasma Beam              Fire/Air       0%         2x1d10    100%        6
 Starburst                Conj/Fire      0%         6d3       100%        6
 Enfeeble                 Hex            0%         N/A       100%        7
 Swiftness                Air            Unusable   N/A       N/A         3

Dungeon Overview and Level Annotations

Branches:
Dungeon (15/15)            Temple (1/1) D:4            Lair (5/5) D:8
 Shoals (1/4) Lair:3        Snake (4/4) Lair:3        Slime (0/5) Lair:5
    Orc (2/2) D:10            Elf (0/3) Orc:2        Vaults (0/5) D:14
 Depths (0/4) D:15

Altars:
Ashenzari
Cheibriados
Dithmenos
Elyvilon
Fedhas
Gozag
Hepliaklqana
Kikubaaqudgha
Makhleb
Nemelex Xobeh
Okawaru
Qazlal
Ru
Sif Muna
Trog
Uskayaw
Vehumet
Wu Jian
Xom
Yredelemnul
Zin
The Shining One
Jiyva

Shops:
D:5 [   D:6 !   D:8 !   D:13 *   Orc:2 *[[(   Shoals:1 [*   Snake:2 *
Snake:4 :=:

Portals:
Trove: D:14 (give horn of Geryon)

Annotations:
D:3 1 runed translucent door, EnlightenedBush's ghost, weakling OnGl
D:10 exclusion: obsidian statue
D:15 Roxanne
Lair:3 3 runed translucent doors, Ruojauj's ghost, journeyman MfGl
Snake:2 Vashnia


Innate Abilities, Weirdness & Mutations

You cannot be hasted, slowed, berserked, paralysed or teleported.
You can dig through walls and to a lower floor.
You have a pair of large antennae on your head. (SInv)
Your four strong arms can wield two-handed weapons with a shield.
You expend magic power (3 MP) to strengthen your wands.


Message History

You feel like a meek peon again.
You start resting.
You are returned from the Arena.
Welcome back to the Shoals!
The water nymph touches you!
* * * LOW HITPOINT WARNING * * *
The water nymph drowns you!
* * * LOW HITPOINT WARNING * * *
Splash!
You fall into the shallow water.
Moving in this stuff is going to be slow.
You block the water nymph's attack.
The merfolk hits you but does no damage.
You block the merfolk's attack.
The merfolk siren chants a haunting song.
You resist.
You fade into invisibility!
The merfolk closely misses you. You block the water nymph's attack.
The water nymph touches you. The water nymph drowns you!
* * * LOW HITPOINT WARNING * * *
The water nymph touches you. The water nymph drowns you!
* * * LOW HITPOINT WARNING * * *
The merfolk hits you but does no damage.
The merfolk throws a boomerang.
The boomerang hits the water nymph!!
You feel very buoyant.
You fly up into the air.
The merfolk barely misses you.
The water nymph points at you and mumbles some strange words.
The water rises up and strikes you. The water nymph touches you.
The water nymph drowns you!
* * * LOW HITPOINT WARNING * * *
The water nymph barely misses you.
The merfolk siren chants a haunting song.
You resist. You block the merfolk's attack.
You impale the water nymph!!
You kill the water nymph!
Okawaru accepts your kill. You block the merfolk's attack.
The water nymph points at you and mumbles some strange words.
The water rises up and strikes you!!
* * * LOW HITPOINT WARNING * * *
The water nymph touches you. The water nymph drowns you!
You die...

≈≈≈≈≈≈≈≈≈≈≈≈≈≈≈
≈≈≈≈≈≈≈≈≈≈≈≈≈≈≈
≈≈≈≈≈≈≈≈≈≈≈≈≈≈≈
≈≈≈≈≈≈~~≈≈≈≈≈≈≈≈
∩≈≈≈m∩~m~≈≈~~~~≈
≈≈≈≈≈~m.~≈~~~~~~~ ≈≈≈≈
≈≈≈≈≈≈~≈†.~~~~~~~. ≈≈≈≈≈
≈≈≈≈≈≈≈≈m@m~~~.... ~~≈≈~
≈≈≈≈≈≈≈≈≈~m~~...... ~~~~~
≈≈≈≈≈≈≈≈~~~~....... ~~~~~
≈≈≈≈≈≈≈≈~~~~....... ~~~~~
≈≈≈≈≈≈≈≈≈~~~~....... .~~~~
#≈≈≈≈≈≈≈≈≈~~~~~....... .~...
#≈≈≈≈≈≈≈≈~)PPP~.......~~~~...
#≈≈≈≈≈≈≈~~~~~~P)~....~~~~~~~~
#≈≈≈≈≈≈≈~PPPPP~.~~~~~~~~≈≈~~~


You could see 3 merfolk, a merfolk siren (unable to see you) and 2 water nymphs.

Vanquished Creatures
  Jorgrun (Orc:1)
  A quicksilver dragon (Snake:4)
  Aizul (Snake:2)
  7 nagarajas
  An orc warlord (Orc:1)
  Azrael (D:13)
  A merfolk impaler (Arena)
  Snorg (D:14)
  A fire dragon (Lair:5)
  Josephine (D:10)
  A great orb of eyes (D:15)
  4 rakshasas (D:15)
  2 hydras (D:13)
  2 salamander tyrants
  Erolcha (D:13)
  6 anacondas
  9 naga warriors
  6 boulder beetles
  A merfolk aquamancer (Shoals:1)
  6 centaur warriors
  A death knight (D:14)
  4 two-headed ogres
  An occultist (D:15)
  A tengu warrior (D:13)
  Urug (D:10)
  4 shock serpents
  12 naga sharpshooters
  6 skeletal warriors
  2 skysharks (Lair:5)
  3 sea snakes (Shoals:1)
  3 salamander mystics
  A fire crab (Lair:5)
  15 mana vipers
  A deep elf archer (D:14)
  An arcanist (D:15)
  3 naga ritualists
  A flayed ghost (D:13)
  3 deep elf zephyrmancers (D:14)
  4 harpies (Shoals:1)
  5 orc knights
  3 deep elf pyromancers
  Maurice (D:8)
  3 cyclopes
  2 manticores
  3 ugly things (D:15)
  12 salamanders
  6 fauns (Shoals:1)
  6 kobold blastminers (Orc:2)
  A rust devil (D:9)
  3 merfolk sirens (Shoals:1)
  2 guardian serpents (Snake:4)
  25 black mambas
  13 naga magi
  3 molten gargoyles (Lair:5)
  2 gargoyles
  2 centaur skeletons (D:14)
  24 elephants
  2 torpor snails (Lair:2)
  A water nymph (Shoals:1)
  11 cane toads
  A rime drake (Lair:4)
  A kobold demonologist (D:9)
  3 efreet
  9 komodo dragons
  An ice devil (D:9)
  A tengu conjurer (D:15)
  2 polar bears
  5 trolls
  A queen bee (shapeshifter) (D:15)
  4 merfolk (Shoals:1)
  A tarantella (shapeshifter) (D:13)
  A hornet (D:10)
  3 blink frogs (Lair:5)
  A snapping turtle (Lair:3)
  9 slime creatures
  6 wyverns
  3 water elementals
  A yak (shapeshifter) (D:14)
  2 shadows
  6 wraiths
  64 yaks
  5 basilisks
  2 neqoxecs (D:9)
  2 steam dragons (Lair:5)
  A redback (D:13)
  13 vampire mosquitoes
  7 wargs
  46 nagas
  3 acid dragons
  9 hell hounds
  A swamp drake (shapeshifter) (D:15)
  13 water moccasins
  36 orc warriors
  A black bear (D:7)
  3 ice beasts
  3 ogres
  18 wolves
  13 centaurs
  2 phantoms (D:6)
  4 kobold brigands
  A gnoll sergeant (D:11)
  12 bullfrogs
  2 scorpions (D:6)
  4 wights
  4 killer bees (D:10)
  11 howler monkeys
  An electric eel (Lair:2)
  A jelly (D:5)
  2 bombardier beetles
  5 lava snakes (Lair:5)
  2 hounds
  15 orc priests
  2 sleepcaps
  8 iguanas
  26 orc wizards
  2 boggart skeletons (D:14)
  A boggart simulacrum (D:14)
  9 gnolls
  6 adders
  3 shadow imps (D:7)
  A white imp (D:6)
  87 orcs
  4 ball pythons
  6 endoplasms
  2 giant cockroaches
  8 hobgoblins
  9 jackals
  4 quokkas
  4 bats
  2 frilled lizards (D:1)
  7 goblins
  20 kobolds
  10 rats
839 creatures vanquished.

Vanquished Creatures (others)
  A black mamba (Snake:4)
1 creature vanquished.

Grand Total: 840 creatures vanquished

Notes
Turn   | Place    | Note
-------+----------+-------------------------------------------
     0 | D:5      | Strat the Formicid Delver began the quest for the Orb.
     0 | D:5      | Reached XP level 1. HP: 18/18 MP: 1/1
   100 | D:4      | Noticed a bullfrog
   170 | D:4      | Noticed an iguana
   226 | D:3      | Found a runed translucent door.
   228 | D:3      | Noticed a bullfrog
   261 | D:3      | Reached XP level 2. HP: 22/24 MP: 2/2
   409 | D:1      | Found a faded altar of an unknown god.
   523 | D:1      | Reached XP level 3. HP: 29/29 MP: 3/3
  1514 | D:2      | Reached XP level 4. HP: 37/37 MP: 4/4
  1998 | D:2      | Reached skill level 3 in Polearms
  2336 | D:3      | Noticed EnlightenedBush's ghost (weakling OnGl)
  2823 | D:3      | Reached XP level 5. HP: 37/42 MP: 5/5
  3081 | D:3      | Reached skill level 4 in Polearms
  3257 | D:4      | Noticed a bullfrog
  3269 | D:4      | Killed a bullfrog
  3270 | D:4      | Reached skill level 5 in Polearms
  3270 | D:4      | Reached XP level 6. HP: 40/48 MP: 6/6
  3923 | D:4      | Reached skill level 6 in Polearms
  4092 | D:4      | Reached XP level 7. HP: 53/53 MP: 7/7
  4727 | D:4      | Found a staircase to the Ecumenical Temple.
  4734 | Temple   | Entered the Ecumenical Temple
  4742 | Temple   | Became a worshipper of Warmaster Okawaru
  4982 | D:5      | Reached skill level 7 in Polearms
  5245 | D:5      | Found a basalt altar of Yredelemnul.
  5445 | D:5      | Reached * piety under Okawaru
  5446 | D:5      | Reached XP level 8. HP: 49/60 MP: 8/8
  5718 | D:5      | Found Bihyafe's Antique Armour Shop.
  5783 | D:6      | Found Jaozximn's Distillery.
  5813 | D:6      | Reached skill level 8 in Polearms
  5813 | D:6      | Reached skill level 1 in Armour
  5850 | D:6      | Bought a potion of curing for 30 gold pieces
  6711 | D:6      | Found a shimmering altar of Xom.
  6717 | D:6      | Found a stormy altar of Qazlal.
  6718 | D:6      | Found a glowing silver altar of Zin.
  6720 | D:6      | Found a shadowy altar of Dithmenos.
  6720 | D:6      | Found a white marble altar of Elyvilon.
  6721 | D:6      | Found an opulent altar of Gozag.
  6727 | D:6      | Found a sparkling altar of Nemelex Xobeh.
  7172 | D:6      | Reached ** piety under Okawaru
  7343 | D:7      | Reached skill level 5 in Fighting
  7343 | D:7      | Reached skill level 9 in Polearms
  7754 | D:7      | Reached XP level 9. HP: 68/68 MP: 9/9
  7772 | D:7      | Identified the +2 scale mail of Valour {+Blink}
  8609 | D:7      | Reached *** piety under Okawaru
  8705 | D:8      | Found Aloaduol's Distillery.
  8866 | D:8      | Reached skill level 10 in Polearms
  8972 | D:8      | Noticed Maurice
  9092 | D:8      | Found a staircase to the Lair.
  9150 | D:8      | Found a blossoming altar of Fedhas.
  9178 | D:8      | Found a glowing golden altar of the Shining One.
  9340 | D:8      | Bought a potion of heal wounds for 70 gold pieces
  9453 | D:8      | Maurice stole a ring of protection from cold
  9455 | D:8      | Maurice stole a +0 sling
  9458 | D:8      | Reached skill level 5 in Armour
  9463 | D:8      | You fall into a shaft and drop 2 floors!
  9463 | D:10     | Entered Level 10 of the Dungeon
  9560 | D:10     | Noticed a two-headed ogre
  9577 | D:10     | Killed a two-headed ogre
  9578 | D:10     | Reached XP level 10. HP: 23/79 MP: 10/10
  9581 | D:10     | Reached skill level 11 in Polearms
  9587 | D:10     | Reached **** piety under Okawaru
  9715 | D:10     | Found a broken altar of Ashenzari.
  9725 | D:10     | Noticed Josephine
  9951 | D:8      | Killed Maurice
 10350 | D:9      | Noticed a kobold demonologist
 10355 | D:9      | Noticed an orange demon
 10393 | D:9      | Killed a kobold demonologist
 10403 | D:9      | Reached skill level 12 in Polearms
 10543 | D:9      | Found a hide-covered altar of Uskayaw.
 10754 | D:9      | You fall into a shaft and drop 1 floor!
 10933 | D:9      | Noticed an ice devil
 11176 | D:9      | Noticed a rust devil
 11224 | D:9      | Killed an ice devil
 11224 | D:9      | Reached ***** piety under Okawaru
 11344 | D:9      | Reached skill level 1 in Invocations
 11419 | D:9      | Received a gift from Okawaru
 11602 | D:10     | Noticed an obsidian statue
 11674 | D:10     | Reached XP level 11. HP: 84/87 MP: 12/12
 11933 | D:10     | Killed Josephine
 11934 | D:10     | Reached skill level 1 in Throwing
 12545 | D:10     | Found a staircase to the Orcish Mines.
 12581 | D:10     | Noticed Urug
 12729 | D:9      | Reached skill level 13 in Polearms
 12930 | D:10     | Noticed a two-headed ogre
 12943 | D:10     | Killed a two-headed ogre
 13173 | D:9      | Gained mutation: Your health recovers twice as slowly from
                  | being drained. [a neqoxec]
 13176 | D:9      | Gained mutation: Your magical capacity is low. (-10% MP) [a
                  | neqoxec]
 13186 | D:9      | Lost mutation: Your magical capacity is low. (-10% MP)
                  | [potion of mutation]
 13186 | D:9      | Lost mutation: Your health recovers twice as slowly from
                  | being drained. [potion of mutation]
 13186 | D:9      | Gained mutation: You expend magic power (3 MP) to
                  | strengthen your wands. [potion of mutation]
 13186 | D:9      | Gained mutation: You are clumsy. (Dex -2) [potion of
                  | mutation]
 13186 | D:9      | Gained mutation: Armour fits poorly on your strangely
                  | shaped body. [potion of mutation]
 13186 | D:9      | Gained mutation: You possess an exceptional clarity of
                  | mind. [potion of mutation]
 13187 | D:9      | Lost mutation: You are clumsy. (Dex -2) [potion of
                  | mutation]
 13187 | D:9      | Lost mutation: Armour fits poorly on your strangely shaped
                  | body. [potion of mutation]
 13187 | D:9      | Lost mutation: You possess an exceptional clarity of mind.
                  | [potion of mutation]
 13456 | D:10     | Killed Urug
 13456 | D:10     | Received a gift from Okawaru
 13638 | Lair:1   | Entered Level 1 of the Lair of Beasts
 13801 | Lair:1   | Reached XP level 12. HP: 92/96 MP: 15/15
 13985 | Lair:1   | Reached skill level 5 in Invocations
 14921 | Lair:2   | Reached skill level 14 in Polearms
 15079 | Lair:2   | Reached skill level 10 in Fighting
 15266 | Lair:2   | Received a gift from Okawaru
 15267 | Lair:2   | Reached skill level 5 in Throwing
 16383 | Lair:3   | Received a gift from Okawaru
 16455 | Lair:3   | Reached XP level 13. HP: 103/103 MP: 18/18
 16555 | Lair:3   | Found a staircase to the Snake Pit.
 16662 | Lair:3   | Noticed Ruojauj's ghost (journeyman MfGl)
 16893 | Lair:3   | Found a runed translucent gate.
 16900 | Lair:3   | Found a runed translucent gate.
 16901 | Lair:3   | Found a runed translucent gate.
 16954 | Lair:3   | Reached skill level 10 in Armour
 17051 | Lair:3   | Reached ****** piety under Okawaru
 17056 | Lair:3   | Acquired a +5 heavy bardiche
 17056 | Lair:3   | Received a gift from Okawaru
 17058 | Lair:3   | Acquired a +2 pair of gloves of strength
 17058 | Lair:3   | Received a gift from Okawaru
 17193 | Lair:3   | Found a staircase to the Shoals.
 17546 | Lair:3   | Received a gift from Okawaru
 17996 | Lair:4   | Learned a level 2 spell: Jinxbite
 18134 | Lair:4   | Identified the +3 falchion "Resihag" {holy, ^Fragile rC+
                  | Int+6}
 18393 | Lair:4   | Identified the +7 war axe of the Wasp {pain, Will+ Str+2
                  | Int+2 Stlth-}
 18881 | Lair:5   | Entered Level 5 of the Lair of Beasts
 19015 | Lair:4   | Received a gift from Okawaru
 19016 | Lair:4   | Reached skill level 15 in Polearms
 19144 | Lair:5   | Reached XP level 14. HP: 114/114 MP: 20/20
 19736 | Lair:5   | Received a gift from Okawaru
 20287 | Lair:5   | Found a staircase to the Slime Pits.
 20287 | Lair:5   | Found a viscous altar of Jiyva.
 20995 | Lair:5   | Reached skill level 1 in Evocations
 21334 | Lair:5   | Found a large runed translucent door.
 21335 | Lair:5   | Found a large runed translucent door.
 21474 | Lair:5   | Received a gift from Okawaru
 21593 | Lair:5   | Reached skill level 16 in Polearms
 21752 | Orc:1    | Entered Level 1 of the Orcish Mines
 22216 | Orc:2    | Entered Level 2 of the Orcish Mines
 22397 | Orc:2    | Found Byjoer's Armour Boutique.
 22562 | Orc:2    | Noticed Jorgrun
 22989 | Orc:2    | Received a gift from Okawaru
 23228 | Orc:2    | Found Soubby's General Store.
 23262 | Orc:2    | Bought 5 curare-tipped darts for 84 gold pieces
 23273 | Orc:2    | Found a staircase to the Elven Halls.
 23665 | Orc:1    | Killed Jorgrun
 23846 | Orc:2    | Noticed an orc warlord
 24000 | Orc:2    | Reached XP level 15. HP: 107/124 MP: 21/21
 24056 | Orc:1    | Killed an orc warlord
 24497 | Orc:2    | Found Zohockowao's Antique Armour Shop.
 24499 | Orc:2    | Found Miaqij's Antique Weapon Boutique.
 25167 | D:11     | Received a gift from Okawaru
 25336 | D:12     | Reached skill level 5 in Evocations
 26003 | D:13     | Found Woesoj's Assorted Antiques.
 26558 | D:13     | Noticed Azrael
 26636 | D:13     | Killed Azrael
 26884 | D:13     | Received a gift from Okawaru
 27610 | D:13     | Identified a scroll of acquirement
 27610 | D:13     | Acquired an amulet of faith
 28030 | D:14     | Found a portal to a secret trove of treasure.
 28059 | D:14     | Identified the +2 long sword "Hag Seh" {vamp, +Blink rF+
                  | Int+3 Dex-2}
 28344 | D:14     | Reached skill level 17 in Polearms
 28953 | D:15     | Entered Level 15 of the Dungeon
 29206 | D:15     | Noticed Roxanne
 29285 | D:15     | Reached skill level 1 in Shields
 30136 | D:15     | Reached XP level 16. HP: 124/134 MP: 22/22
 30235 | D:15     | Received a gift from Okawaru
 31432 | D:15     | Found a staircase to the Depths.
 31680 | D:14     | Found a shimmering blue altar of Sif Muna.
 31803 | D:14     | Noticed Snorg
 32049 | D:14     | Killed Snorg
 32050 | D:14     | Reached skill level 5 in Shields
 32579 | D:14     | Reached skill level 15 in Fighting
 32607 | D:14     | Found a gate to the Vaults.
 32781 | D:13     | Noticed Erolcha
 32806 | D:13     | Killed Erolcha
 33003 | Lair:5   | Received a gift from Okawaru
 33087 | Snake:1  | Entered Level 1 of the Snake Pit
 33926 | Snake:1  | Identified the +10 halberd of Diawn {drain, rPois}
 34094 | Snake:1  | Reached skill level 18 in Polearms
 34265 | Snake:1  | Received a gift from Okawaru
 35293 | Snake:1  | Reached XP level 17. HP: 144/144 MP: 23/23
 35328 | Snake:1  | Received a gift from Okawaru
 36492 | Snake:2  | Found Cadaeh's Specific Store.
 36496 | Snake:2  | Found Muos Enulowa's General Store.
 36504 | Snake:2  | Bought a potion of curing for 36 gold pieces
 36698 | Snake:2  | Identified the serpent talisman of Howling Wind {+Blink
                  | rC++ Stlth-}
 36698 | Snake:2  | Noticed Aizul
 36716 | Snake:2  | Killed Aizul
 37059 | Snake:2  | Received a gift from Okawaru
 37462 | Snake:2  | Noticed Vashnia
 37477 | Snake:2  | You fall into a shaft and drop 1 floor!
 37621 | Snake:3  | Reached skill level 19 in Polearms
 38442 | Snake:3  | Received a gift from Okawaru
 38815 | Snake:4  | Entered Level 4 of the Snake Pit
 39548 | Snake:4  | Found Ubruleg's Book Shoppe.
 39552 | Snake:4  | Found Heet's Jewellery Boutique.
 39553 | Snake:4  | Found Syorphiam's Book Shoppe.
 39636 | Snake:4  | Received a gift from Okawaru
 40602 | Snake:4  | Reached XP level 18. HP: 152/156 MP: 24/24
 40765 | Snake:4  | Noticed a quicksilver dragon
 40789 | Snake:4  | Killed a quicksilver dragon
 40845 | Snake:4  | Received a gift from Okawaru
 40909 | Snake:4  | Got a serpentine rune of Zot
 41194 | Shoals:1 | Entered Level 1 of the Shoals
 41993 | Shoals:1 | Found Betuex's Visitors' Centre.
 42007 | Arena    | Entered the Arena
 42009 | Arena    | Reached skill level 10 in Shields
 42028 | Shoals:1 | HP: 5/157 [water nymph/the raging water (19)]
 42028 | Shoals:1 | Drowned by a water nymph

Illustrated notes

Levels and vault maps discovered:
D:1:      enne_arrival_octagon_isle, layout_basic,
          ebering_ecumenical_altar_hall, chequers_serial_rivers_micro_b,
          nicolae_hexahallways, minmay_gold_behind_fungi, solitary_fountain,
          minmay_tromino_mix6
D:2:      layout_basic
D:3:      layout_loops_cross, ebering_ghost_sewer_d
D:4:      layout_basic, minmay_temple_entry_fiery
D:5:      layout_basic, mainiacjoe_overflow_chevrons, serial_shops, shop
D:6:      layout_loops_corners, nicolae_overflow_hallway_of_the_gods,
          serial_shops, shop, serial_library_hellmonk_hallway_a,
          corexii_checkpoint
D:7:      layout_loops_corners, grunt_decor_arrowhead
D:8:      layout_cave_pools, mainiacjoe_overflow_two_lobes, lair_entry_dummy,
          serial_shops, nicolae_shop_window_shopping, uniq_maurice
D:9:      layout_big_octagon, lemuel_round_altar, nicolae_neqoxec_dot_bat
D:10:     layout_roguey, mainiacjoe_overflow_24_doors, david_orc_1_choice,
          minivault_16, uniq_urug, uniq_josephine
D:11:     layout_roguey, lemuel_old_faithful
D:12:     layout_loops_ring
D:13:     minmay_inside_and_out, layout_loops_cross, serial_shops, shop,
          uniq_erolcha, uniq_azrael
D:14:     layout_irregular_city, hangedman_vaults_entry_quadrant_bands,
          infiniplex_staircase_pillars_3a, nicolae_trove_entry_isolated,
          tgw_sif, uniq_snorg
D:15:     gammafunk_enter_depths_forms, layout_loops_ring, uniq_roxanne
Temple:   eino_temple_lava
Lair:1:   layout_cave_pods, infiniplex_staircase_pool
Lair:2:   layout_layer_cave, infiniplex_staircase_pool_2, serial_bayou_shore_a,
          grunt_megastairs_4
Lair:3:   layout_chaotic_city, minmay_shoals_entry_hut, dummy_snake_entry,
          gammafunk_ghost_split
Lair:4:   layout_long_grid, lemuel_fruit_tree
Lair:5:   cheibrodos_lair_end_hotspot, layout_cave_shapes, slime_entry_1
Shoals:1: nicolae_shoals_mermall, layout_shoals
Snake:1:  layout_layer_cave, nicolae_snake_mages_go_home
Snake:2:  layout_chambers, nicolae_specific_store, drop_trap,
          nicolae_snake_slithery_hallway, grunt_megastairs_1, uniq_aizul,
          uniq_vashnia, uniq_frances
Snake:3:  nicolae_snake_nest, layout_basic
Snake:4:  hellmonk_snake_rune_quicksilver_temple, layout_basic,
          minmay_shop_grove
Orc:1:    layout_diamond_mine, basic_altar
Orc:2:    grunt_orc_community_town_hall, layout_diamond_mine,
          grunt_orc_community_big_house_1, grunt_orc_community_big_house_2,
          grunt_orc_community_house_2, grunt_orc_community_house_2,
          grunt_orc_community_house_3, grunt_orc_community_house_2,
          special_room, uniq_jorgrun

Skill      XL: |  1  2  3  4  5  6  7  8  9 10 11 12 13 14 15 16 17 18 |
---------------+-------------------------------------------------------+-----
Dodging        | 2 |  2.3
Polearms       | 3 5 6 7 9 10 12 13 14 15 16 17 18 19 | 19.7
Fighting       | 5 7 8 9 10 11 13 14 16 17 18 | 18.1
Armour         | 3 5 6 7 9 10 11 12 | 12.5
Invocations    | 1 4 7 8 |  8.0
Throwing       | 3 6 8 9 |  9.5
Evocations     | 3 5 |  5.2
Shields        | 2 5 8 10 | 10.0
Stealth        | |  6.4

Action                     |  1- 3 |  4- 6 |  7- 9 | 10-12 | 13-15 | 16-18 || total
---------------------------+-------+-------+-------+-------+-------+-------++-------
  Melee: Spear             |   148 |   155 |       |       |       |       ||   303
         Punch             |     1 |     3 |     6 |    23 |    45 |       ||    78
         Trident           |       |    34 |   420 |   864 |  1868 |   119 ||  3305
         Bardiche          |       |       |       |       |   159 |   127 ||   286
         Halberd           |       |       |       |       |       |   636 ||   636
  Throw: Boomerang         |       |       |       |       |       |    26 ||    26
 Invoke: Heroism           |       |       |       |     2 |    10 |     6 ||    18
         Receive Weapon    |       |       |       |       |     1 |       ||     1
         Receive Armour    |       |       |       |       |     1 |       ||     1
         Finesse           |       |       |       |       |     1 |     1 ||     2
         Duel              |       |       |       |       |       |     1 ||     1
Ability: Shaft Self        |       |       |     1 |     1 |       |     1 ||     3
  Evoke: Wand              |       |       |     3 |    24 |    11 |     1 ||    39
    Use: Scroll            |       |     6 |    10 |     1 |     9 |     3 ||    29
         Potion            |       |       |     2 |     5 |     5 |     9 ||    21
   Stab: Sleeping          |     5 |     5 |     2 |     1 |     3 |     8 ||    24
         Distracted        |       |       |     2 |       |     2 |     2 ||     6
         Invisible         |       |       |       |     3 |     6 |       ||     9
 Armour: Leather armour    |     6 |       |       |       |       |       ||     6
         Scale mail        |    52 |    91 |    95 |       |       |    25 ||   263
         Plate armour      |       |       |   118 |   156 |   561 |       ||   835
         Chain mail        |       |       |       |   192 |   622 |   436 ||  1250
  Dodge: Dodged            |    58 |    53 |   173 |   334 |   987 |   347 ||  1952
  Block: Buckler           |       |       |       |       |    27 |   139 ||   166
         Tower shield      |       |       |       |       |       |   101 ||   101
